 Dungeon Crawl Stone Soup version 0.29.0-4-gdea44cf6ec (webtiles) character file.

Game seed: 17189116687364318419

18 qw the Firebug (level 2, -1/23 HPs)
             Began as a Ghoul Fire Elementalist on Aug 29, 2022.
             Slain by a jackal (2 damage)
             ... on level 1 of the Dungeon.
             The game lasted 00:00:43 (874 turns).

qw the Firebug (Ghoul Fire Elementalist)             Turns: 874, Time: 00:00:43

Health: -1/23      AC:  2    Str: 11    XL:     2   Next: 66%
Magic:  3/3        EV: 12    Int: 10    God:
Gold:   31         SH:  0    Dex:  9    Spells: 3/4 levels left

rFire   . . .      SeeInvis .     - Unarmed
rCold   + . .      Faith    .   (no shield)
rNeg    + + +      Spirit   .   a - +0 robe
rPois   inf        Reflect  .   (no helmet)
rElec   .          Harm     .   (no cloak)
rCorr   .          Rampage  .   (no gloves)
Will    .....                   (no boots)
Stlth   ++........              (no amulet)
HPRegen 0.00/turn               (no ring)
MPRegen 0.08/turn               (no ring)

@: inhibited regen
A: claws 1, cold resistance 1, negative energy resistance 3, inhibited
regeneration, torment resistance 2, devour on kill
a: no special abilities


You were on level 1 of the Dungeon.
You visited 1 branch of the dungeon, and saw 1 of its levels.

You collected 31 gold pieces.


Innate Abilities, Weirdness & Mutations

You are immune to poison.
You have sharp fingernails.
Your flesh is cold resistant. (rC+)
You are immune to negative energy. (rN+++)
You do not regenerate when monsters are visible.
You are immune to unholy pain and torment.
You thrive by killing the living.


   Skills:
 - Level 1.0 Fighting
 - Level 1.7 Dodging
 - Level 2.1 Stealth
 + Level 2.0 Unarmed Combat
 - Level 1.7 Spellcasting
 - Level 0.7 Conjurations
 - Level 2.4 Fire Magic


You had 3 spell levels left.
You knew the following spells:

 Your Spells              Type           Power      Damage    Failure   Level
a - Foxfire               Conj/Fire      16%        2x1d4     17%         1

Your spell library contained the following spells:

 Spells                   Type           Power      Damage    Failure   Level
 Scorch                   Fire           10%        2d6       19%         2
 Conjure Flame            Conj/Fire      4%         6-21      45%         3
 Inner Flame              Hex/Fire       3%         N/A       52%         3
 Flame Wave               Conj/Fire      4%         2d5       86%         4

Inventory:

Armour
 a - a +0 robe (worn)
Scrolls
 c - a scroll of butterflies {unknown}
 f - a scroll of noise {unknown}
Potions
 b - a potion of magic
 d - 2 potions of curing {unknown}
 e - a potion of heal wounds {unknown}

Dungeon Overview and Level Annotations

Branches:
Dungeon (1/15)

Altars:


Message History

The bat barely misses you. The kobold closely misses you.
860 ||| Stepping ~*~*~tactically~*~*~ (outnumbered).
The bat hits you but does no damage.
You barely miss the bat. The bat barely misses you.
You scratch the endoplasm.
The endoplasm is severely wounded.
The endoplasm hits you but does no damage.
You scratch the endoplasm.
You kill the endoplasm!
You feel better. The bat hits you but does no damage.
Your Unarmed Combat skill increases to level 2!
You scratch the bat.
The bat is heavily wounded.
The bat closely misses you. The bat barely misses you. x2
You scratch the bat.
You kill the bat!
The jackal bites you.
You closely miss the jackal. The jackal barely misses you.
You closely miss the jackal. The jackal bites you.
You scratch the jackal but do no damage.
The jackal bites you.
You closely miss the jackal. The jackal closely misses you.
The jackal bites you.
You barely miss the jackal. The jackal bites you.
You scratch the jackal but do no damage.
The jackal closely misses you.
The jackal bites you but does no damage.
You closely miss the jackal. The jackal bites you.
You scratch the jackal but do no damage.
Your claw misses the jackal. The jackal closely misses you.
You closely miss the jackal. The jackal bites you.
You die...

#.#
#...%......##.........
#.#
#..............%......
#.#
#.......%....###......
#.#
#............#####.###
#.#
#....................
#.#
#..........#.#####. .#
##.######......###..#
#
..............Kh.##.#
###..#####.##..#@# .#
###.## #.#...#..>.#
##..# #.#....##..#
.#.## ..#..........
##.# ###...... .....
######### #.###. .....
...<....# .. ....
........# .. ....
#.....#.#


You could see a jackal and a kobold.

Vanquished Creatures
  A dart slug (D:1)
  2 endoplasms (D:1)
  A giant cockroach (D:1)
  2 jackals (D:1)
  2 quokkas (D:1)
  A ball python (D:1)
  3 bats (D:1)
  3 rats (D:1)
15 creatures vanquished.

Notes
Turn   | Place    | Note
-------+----------+-------------------------------------------
     0 | D:1      | qw the Ghoul Fire Elementalist began the quest for the Orb.
     0 | D:1      | Reached XP level 1. HP: 14/14 MP: 2/2
     0 | D:1      | 0 ||| qw: Version: 0.1-a-90-g952f4b7
     0 | D:1      | 0 ||| qw: Game counter: 4128
     0 | D:1      | 0 ||| qw: Always use a shield: true
     0 | D:1      | 0 ||| qw: God list: Okawaru
     0 | D:1      | 0 ||| qw: Allow faded altars: false
     0 | D:1      | 0 ||| qw: Do Orc after D:15 true
     0 | D:1      | 0 ||| qw: Do second Lair branch before Depths: true
     0 | D:1      | 0 ||| qw: Lair rune preference: random
     0 | D:1      | 0 ||| qw: Plans: Normal
     0 | D:1      | 0 ||| PLANNING D:1-11
   108 | D:1      | Reached skill level 1 in Unarmed Combat
   427 | D:1      | Reached skill level 1 in Fighting
   427 | D:1      | Reached XP level 2. HP: 23/23 MP: 3/3
   437 | D:1      | 437 ||| Stepping ~*~*~tactically~*~*~ (hiding).
   539 | D:1      | 539 ||| Stepping ~*~*~tactically~*~*~ (hiding).
   641 | D:1      | 641 ||| Stepping ~*~*~tactically~*~*~ (hiding).
   847 | D:1      | 847 ||| Stepping ~*~*~tactically~*~*~ (outnumbered).
   851 | D:1      | 851 ||| Stepping ~*~*~tactically~*~*~ (outnumbered).
   852 | D:1      | 852 ||| Stepping ~*~*~tactically~*~*~ (outnumbered).
   853 | D:1      | 853 ||| Stepping ~*~*~tactically~*~*~ (outnumbered).
   855 | D:1      | 855 ||| Stepping ~*~*~tactically~*~*~ (outnumbered).
   856 | D:1      | 856 ||| Stepping ~*~*~tactically~*~*~ (outnumbered).
   858 | D:1      | 858 ||| Stepping ~*~*~tactically~*~*~ (outnumbered).
   860 | D:1      | 860 ||| Stepping ~*~*~tactically~*~*~ (outnumbered).
   868 | D:1      | HP: 5/23 [jackal (1)]
   872 | D:1      | HP: 1/23 [jackal (2)]
   874 | D:1      | Slain by a jackal

Levels and vault maps discovered:
D:1:      lemuel_arrival_broad_hall, layout_rooms

Skill      XL: |  1  2 |
---------------+-------+-----
Unarmed Combat | 1 2 |  2.0
Fighting       | 1 |  1.0
Dodging        | |  1.7
Stealth        | |  2.1
Spellcasting   | |  1.7
Conjurations   | |  0.7
Fire Magic     | |  2.4

Action                   || total
-------------------------++-------
Melee: Unarmed           ||    71
       Punch             ||     2
Armor: Robe              ||    19
Dodge: Dodged            ||    50

Table legend:
 A = Non-vault XP
 B = Vault XP
 C = Vault XP percentage of total XP
 D = Non-vault monster count
 E = Vault monster count
 F = Vault count percentage of total count
                 A         B        C        D         E       F
            +---------+---------+-------+---------+---------+-------
      Total |      26 |       0 |   0.0 |      15 |       0 |   0.0
            +---------+---------+-------+---------+---------+-------
        D:1 |      26 |       0 |   0.0 |      15 |       0 |   0.0
            +---------+---------+-------+---------+---------+-------
